 Dungeon Crawl Stone Soup version 0.31-a0-819-gf6de2f5ab6 (webtiles) character file.

Game seed: 17905594479567394947

122 qw the Shooter (level 5, -13/32 HPs)
             Began as a Gargoyle Hunter on Sept 23, 2023.
             Mangled by an ogre
             ... wielding a +0 giant club
              (21 damage)
             ... on level 4 of the Dungeon.
             The game lasted 00:00:52 (1815 turns).

qw the Shooter (Gargoyle Hunter)                    Turns: 1815, Time: 00:00:52

Health: -13/32     AC:  9    Str: 19    XL:     5   Next: 6%
Magic:  5/5        EV: 11    Int:  8    God:
Gold:   72         SH:  0    Dex: 14    Spells: 4/4 levels left

rFire   + + .        Y - +1 shortbow
rCold   . . .        (shield currently unavailable)
rNeg    + . .        d - +0 ring mail
rPois   inf          (no helmet)
rElec   +            (no cloak)
rCorr   .            (no gloves)
SInv    .            (no boots)
Will    .....        (no amulet)
Stlth   +            c - ring of protection from fire
HPRegen 0.25/turn    (no ring)
MPRegen 0.09/turn

%: no passive effects
@: no status effects
A: sickness immunity, AC +4, negative energy resistance 1, electricity
resistance, torment resistance 1, petrification resistance, fire resistance 1,
strong 1
a: no special abilities


You were on level 4 of the Dungeon.
You visited 1 branch of the dungeon, and saw 4 of its levels.

You collected 150 gold pieces.
You spent 78 gold pieces at shops.


Innate Abilities, Weirdness & Mutations

You are immune to sickness and miasma.
Your stone body is resilient. (AC +4)
You are immune to poison.
You resist negative energy. (rN+)
You are resistant to electric shocks. (rElec)
You are resistant to unholy torment.
You are immune to petrification.
Your flesh is heat resistant. (rF+)
Your muscles are strong. (Str +4, Int/Dex -1)


   Skills:
 - Level 3.0 Fighting
 + Level 5.5 Ranged Weapons
 - Level 1.7 Armour
 - Level 1.5 Dodging
 - Level 1.1 Stealth


You had 4 spell levels left.
You didn't know any spells.
Your spell library was empty.

Inventory:

Hand Weapons
 Y - a +1 shortbow (weapon)
Armour
 d - a +0 ring mail (worn)
Jewellery
 c - a ring of protection from fire (left hand)
Scrolls
 b - a scroll of identify
Potions
 a - a potion of haste
 g - 2 potions of might
 h - a potion of lignification {unknown}
 i - a potion of ambrosia {unknown}

Dungeon Overview and Level Annotations

Branches:
Dungeon (4/15)
 Temple: D:4-7

Altars:
Trog

Shops:
D:1 *


Message History

The orc priest is heavily wounded.
The orc priest barely misses you. x2
You shoot an arrow.
The arrow hits the orc priest but does no damage.
The orc priest is heavily wounded.
The orc priest miscasts a cantrip.
You shoot an arrow.
The arrow hits the orc priest but does no damage.
The orc priest is heavily wounded.
The orc priest hits you but does no damage.
You shoot an arrow. The arrow hits the orc priest.
The orc priest is severely wounded.
The orc priest invokes the aid of Beogh against you.
You barely resist. You shoot an arrow.
The arrow closely misses the orc priest.
The orc priest invokes the aid of Beogh against you.
Beogh smites you!
You shoot an arrow. The arrow hits the orc priest!
You kill the orc priest!
Your Armour skill increases to level 1!
You have reached level 5!
You start resting.
HP restored.
Partly explored, can't reach some places.
What level of the Dungeon? (default 4, ? - help)
You climb downwards.
The ogre hits you with a +0 giant club!!
Ouch! That really hurt!
The orc hits you but does no damage. The orc hits you with a +0 whip.
The orc hits you with a +0 hand axe.
There is a stone staircase leading up here.
You shoot an arrow. The arrow hits the ogre!
The ogre is moderately wounded.
The orc barely misses you. x2; The orc misses you.
The ogre closely misses you.
The orc barely misses you. x2; The orc hits you but does no damage.
You shoot an arrow. The arrow hits the ogre.
The ogre is heavily wounded.
The ogre hits you with a +0 giant club!!
Ouch! That really hurt!
You die...

# #.###
#.o@#
#..Ooo#
#..#....
+.<..<....
##
.........
..........
..........
.........#.


You could see an ogre and 3 orcs.

Vanquished Creatures
  An orc priest (D:3)
  2 adders (D:2)
  A worm (D:3)
  3 dart slugs
  An orc (D:3)
  4 ball pythons
  6 endoplasms
  7 goblins
  6 hobgoblins
  5 jackals (D:1)
  A quokka (D:1)
  4 bats
  4 frilled lizards
  10 kobolds
  7 rats
62 creatures vanquished.

Notes
Turn   | Place    | Note
-------+----------+-------------------------------------------
     0 | D:1      | qw the Gargoyle Hunter began the quest for the Orb.
     0 | D:1      | Reached XP level 1. HP: 12/12 MP: 1/1
     0 | D:1      | 0 ||| qw: Version: 0.3-a-83-gcd0e7d8
     0 | D:1      | 0 ||| qw: Game counter: 1462
     0 | D:1      | 0 ||| qw: Melee chars always use a shield: true
     0 | D:1      | 0 ||| qw: God list: Okawaru
     0 | D:1      | 0 ||| qw: Allow faded altars: false
     0 | D:1      | 0 ||| qw: Do Orc after clearing Dungeon:15 true
     0 | D:1      | 0 ||| qw: Do second Lair branch before Depths: true
     0 | D:1      | 0 ||| qw: Lair rune preference: random
     0 | D:1      | 0 ||| qw: Goals: Normal
     0 | D:1      | 0 ||| PLANNING D:1-11
    41 | D:1      | 41 ||| Stepping ~*~*~tactically~*~*~ (retreating).
    57 | D:1      | Reached XP level 2. HP: 11/17 MP: 2/2
   113 | D:1      | Found Feas's Assorted Antiques.
   117 | D:1      | Found a bloodstained altar of Trog.
   154 | D:1      | 154 ||| SHOPLISTING 3 scrolls labelled HULIATUHER (84 gold,
                  | have 81).
   154 | D:1      | 154 ||| BUYING coppery potion (25 gold).
   154 | D:1      | Bought a coppery potion for 25 gold pieces
   154 | D:1      | 154 ||| BUYING ruby potion (25 gold).
   154 | D:1      | Bought a ruby potion for 25 gold pieces
   154 | D:1      | 154 ||| BUYING scroll labelled AHUEZU VAVVOLI (28 gold).
   154 | D:1      | Bought a scroll labelled AHUEZU VAVVOLI for 28 gold pieces
   154 | D:1      | 154 ||| SHOPLISTING scroll labelled LYAGGI YGEL (28 gold,
                  | have 3).
   154 | D:1      | 154 ||| SHOPLISTING shiny ring mail (196 gold, have 3).
   154 | D:1      | 154 ||| SHOPLISTING yellow potion (25 gold, have 3).
   326 | D:1      | Reached XP level 3. HP: 21/21 MP: 3/3
   355 | D:1      | Reached skill level 5 in Ranged Weapons
   590 | D:1      | 590 ||| READING scroll labelled XOTEJEXUUSM.
   591 | D:1      | 591 ||| READING scroll labelled VUNLUYG ZAGABRINT.
   592 | D:1      | 592 ||| READING 2 scrolls labelled AHUEZU VAVVOLI.
   593 | D:1      | 593 ||| READING scroll labelled CUVOORCHELAN.
   594 | D:1      | 594 ||| READING scroll labelled KYBAQUWICS.
   595 | D:1      | 595 ||| DRINKING 2 white potions.
   595 | D:1      | Gained mutation: Your magical capacity is low. (-10% MP)
                  | [potion of mutation]
   595 | D:1      | Gained mutation: You sometimes lose your temper in combat.
                  | [potion of mutation]
   596 | D:1      | 596 ||| DRINKING potion of mutation.
   596 | D:1      | Lost mutation: Your magical capacity is low. (-10% MP)
                  | [potion of mutation]
   596 | D:1      | Lost mutation: You sometimes lose your temper in combat.
                  | [potion of mutation]
   596 | D:1      | Gained mutation: Your muscles are strong. (Str +4, Int/Dex
                  | -1) [potion of mutation]
   596 | D:1      | Gained mutation: Your flesh is heat resistant. (rF+)
                  | [potion of mutation]
   609 | D:1      | 609 ||| DROPPING scroll of butterflies.
   610 | D:1      | 610 ||| DROPPING scroll of amnesia.
   671 | D:2      | 671 ||| STAIRDANCE
   840 | D:2      | Reached skill level 3 in Fighting
   853 | D:2      | Reached XP level 4. HP: 28/28 MP: 4/4
  1134 | D:2      | 1134 ||| READING 3 scrolls labelled GEUMITRESM.
  1146 | D:2      | Found a faded altar of an unknown god.
  1215 | D:2      | 1215 ||| READING scroll labelled KIAP TIUPAQ.
  1216 | D:2      | 1216 ||| READING scroll labelled HULIATUHER.
  1217 | D:2      | 1217 ||| READING scroll labelled ENGULO LURR.
  1222 | D:2      | 1222 ||| READING scroll labelled JOEDUZXACOY.
  1243 | D:2      | 1243 ||| DRINKING 3 coppery potions.
  1244 | D:2      | 1244 ||| READING 2 scrolls of identify.
  1244 | D:2      | 1244 ||| IDENTIFYING fizzy yellow potion
  1245 | D:2      | 1245 ||| DROPPING 2 scrolls of fog.
  1530 | D:3      | Identified the +8 trident of Pevihif {flame, +Blink rN+
                  | Str-3 Int+3}
  1724 | D:3      | 1724 ||| UPGRADING to +0 ring mail.
  1734 | D:3      | 1734 ||| DROPPING +0 leather armour.
  1735 | D:3      | 1735 ||| READING scroll labelled LYSICY DAIF.
  1736 | D:3      | 1736 ||| READING scroll labelled XOAHOH BORE.
  1736 | D:3      | Identified a scroll of acquirement
  1736 | D:3      | 1736 ||| ACQUIRING ring of protection from fire
  1736 | D:3      | Acquired a ring of protection from fire
  1738 | D:3      | 1738 ||| UPGRADING to ring of protection from fire.
  1739 | D:3      | 1739 ||| READING scroll labelled ZIOLIS DYCK.
  1744 | D:4      | Noticed an ogre
  1745 | D:4      | 1745 ||| STAIRDANCE
  1755 | D:3      | Reached skill level 1 in Armour
  1755 | D:3      | Reached XP level 5. HP: 17/32 MP: 5/5
  1813 | D:4      | HP: 7/32 [orc/+0 hand axe (2)]
  1815 | D:4      | Mangled by an ogre

Levels and vault maps discovered:
D:1:      orjb1_clovarrival, layout_loops_ring, serial_shops,
          nicolae_shop_temple_entry_statues_fountains, minmay_hexomino_r4
D:2:      layout_rooms, shapermc_ecumenical_altar_hornbeckon
D:3:      layout_basic, lexackson_kobold_supper
D:4:      nicolae_cairo_tiling_very_big, layout_cave_pools,
          nicolae_wu_jian_glorious_leap, mainiacjoe_overflow_small_starburst,
          temple_fountains

Skill      XL: |  1  2  3  4 |
---------------+-------------+-----
Ranged Weapons | 5 |  5.5
Fighting       | 3 |  3.0
Armour         | 1 |  1.7
Dodging        | |  1.5
Stealth        | |  1.1

Action                     |  1- 3 |  4- 6 || total
---------------------------+-------+-------++-------
   Fire: Shortbow          |    83 |    87 ||   170
    Use: Scroll            |     5 |     9 ||    14
         Potion            |     2 |     1 ||     3
 Armour: Leather armour    |    32 |    11 ||    43
         Ring mail         |       |     9 ||     9
  Dodge: Dodged            |    28 |    13 ||    41

Table legend:
 A = Non-vault XP
 B = Vault XP
 C = Vault XP percentage of total XP
 D = Non-vault monster count
 E = Vault monster count
 F = Vault count percentage of total count
                 A         B        C        D         E       F
            +---------+---------+-------+---------+---------+-------
      Total |     158 |      17 |   9.7 |      50 |      12 |  19.4
            +---------+---------+-------+---------+---------+-------
        D:1 |      42 |       6 |  12.5 |      24 |       4 |  14.3
        D:2 |      49 |       0 |   0.0 |      13 |       0 |   0.0
        D:3 |      67 |      11 |  14.1 |      13 |       8 |  38.1
            +---------+---------+-------+---------+---------+-------
